 Dungeon Crawl Stone Soup version 0.30-a0-561-g1b0378597e (webtiles) character file.

Game seed: 9422148512318517895

4277 M4edhros the Basher (level 10, -2/66 HPs)
             Began as an Octopode Chaos Knight on Dec 28, 2022.
             Was a Plaything of Xom.
             Slain by a gnoll
             ... wielding a +0 spear
             ... led by a gnoll sergeant
              (5 damage)
             ... on level 8 of the Dungeon.
             The game lasted 00:10:01 (30930 turns).

M4edhros the Basher (Octopode Chaos Knight)        Turns: 30930, Time: 00:10:02

Health: -2/66      AC:  1    Str:  5 (11) XL:     10   Next: 31%
Magic:  0/19       EV: 15    Int:  9 (13) God:    Xom [.....*]
Gold:   403        SH: 12    Dex: 14 (16) Spells: 9/9 levels left

rFire   x . .      SeeInvis .    j - +4 mace "Octopus's Bane" {speed, Drain Will++}
rCold   . . .      Faith    .    o - +1 kite shield {reflect}
rNeg    . . .      Spirit   +    (helmet restricted)
rPois   +          Reflect  +    n - amulet of guardian spirit
rElec   .          Harm     .    f - ring of poison resistance
rCorr   .          Rampage  .    q - ring of flight
Will    ++...      Rnd*Tele +    x - ring of magical power
Stlth   ++                       (no ring)
HPRegen 0.31/turn                (no ring)
MPRegen 0.16/turn                (no ring)
                                 (no ring)
                                 (no ring)

@: flying
A: almost no armour, amphibious, 8 rings, camouflage 1, gelatinous body 1,
(nimble swimmer 1), tentacles, deterioration 1, dopey 1, sense surroundings 2,
poison resistance, teleportitis 1, heat vulnerability 1
a: Renounce Religion


You were on level 8 of the Dungeon.
You worshipped Xom.
You were Xom's teddy bear.
You visited 2 branches of the dungeon, and saw 9 of its levels.

You collected 403 gold pieces.

Inventory:

Hand Weapons
 j - the +4 mace "Octopus's Bane" (weapon) {speed, Drain Will++}
   (You found it on level 4 of the Dungeon)

   Attacks with this weapon are significantly faster.
   Drain:     It drains your maximum health when unequipped.
   Will:      It greatly increases your willpower.
 v - a +0 battleaxe of electrocution
 y - a +1 great sword of chaos
 z - a +0 trident
 B - the +2 dire flail of the Thing {chaos, *Rage rCorr Str+3}
   (Xom gifted it to you on level 6 of the Dungeon)

   Each time it hits an enemy it has a different, random effect.
   Str:       It affects your strength (+3).
   *Rage:     It berserks you when you make melee attacks (+20% chance).
   rCorr:     It protects you from acid and corrosion.
 C - a +0 halberd
Missiles
 e - 3 curare-tipped darts
 l - 10 poisoned darts
 A - 6 atropa-tipped darts
Armour
 o - a +1 kite shield of reflection (worn)
 t - the +5 ring mail of Narcissism {Regen+ Int+4 Stlth-}
   (Xom gifted it to you on level 6 of the Dungeon)

   Int:       It affects your intelligence (+4).
   Regen:     It increases your rate of health regeneration.
   Stlth:     It makes you less stealthy.
 w - a +0 pair of gloves
Jewellery
 f - a ring of poison resistance (left tentacle)
 n - an amulet of guardian spirit (around mantle)
 q - a ring of flight (right tentacle)
 x - a ring of magical power (on tentacle)
Wands
 a - a wand of flame (2)
Scrolls
 c - 7 scrolls of identify {unknown}
 d - a scroll of blinking {unknown}
 g - a scroll of noise {unknown}
 h - 2 scrolls of teleportation {unknown}
 k - 2 scrolls of enchant weapon {unknown}
 m - a scroll of silence {unknown}
 p - 3 scrolls of poison {unknown}
 r - a scroll of amnesia {unknown}
 s - a scroll of magic mapping {unknown}
Potions
 i - a potion of magic
Miscellaneous
 b - a piece from Xom's chessboard (15/15) (quivered)


   Skills:
 - Level 5.1 Fighting
 + Level 8.9 Maces & Flails
 + Level 7.8 Dodging
 * Level 8.5 Shields


You had 9 spell levels left.
You didn't know any spells.
Your spell library contained the following spells:

 Spells                   Type           Power      Damage    Failure   Level
 Dazzling Flash           Conj/Hex       0%         N/A       96%         3
 Ignite Poison            Fire/Tmut/Pois 0%         N/A       96%         3
 Iskenderun's Mystic Bla  Conj/Tloc      0%         2d3       100%        4
 Manifold Assault         Tloc           0%         N/A       100%        4
 Sticky Flame             Conj/Fire      0%         2d3       100%        4
 Agony                    Necr           0%         N/A       100%        5
 Freezing Cloud           Conj/Ice/Air   0%         6-21      100%        5
 Silence                  Hex/Air        0%         N/A       100%        5
 Dispersal                Tloc           0%         N/A       100%        6
 Simulacrum               Ice/Necr       0%         N/A       100%        6
 Starburst                Conj/Fire      0%         6d3       100%        6
 Disjunction              Tloc           0%         N/A       100%        8
 Ignition                 Fire           0%         3d3       100%        8
 Polar Vortex             Ice            0%         N/A       100%        9


Dungeon Overview and Level Annotations

Branches:
Dungeon (8/15)             Temple (1/1) D:7 Zot: 995
   Lair: D:8-11

Altars:
Ashenzari
Dithmenos
Fedhas
Gozag
Hepliaklqana
Kikubaaqudgha
Nemelex Xobeh
Okawaru
Qazlal
Ru
Sif Muna
Trog
Uskayaw
Vehumet
Wu Jian
Xom
Yredelemnul
Zin
The Shining One

Shops:
D:1 !   D:5 *   D:6 (


Innate Abilities, Weirdness & Mutations

You cannot wear most types of armour.
You are amphibious.
You can wear up to eight rings at the same time.
Your skin changes colour to match your surroundings (Stealth+).
Your rubbery body absorbs attacks. (AC +1, EV +1)
((You are camouflaged when in or above water. (Stealth+)))
You have tentacles for arms and can constrict up to eight enemies at once.
Your body sometimes deteriorates upon taking damage.
You are dopey. (Int -2)
You passively map the area around you.
Your system is resistant to poisons. (rPois)
You are occasionally teleported next to monsters.
You are vulnerable to heat. (rF-)


Message History

Things that are here:
a +0 spear; a gnoll corpse You hit the gnoll sergeant but do no damage.
Your grab misses the gnoll sergeant. The orc closely misses you.
The gnoll sergeant hits you with a +0 spear!
* * * LOW HITPOINT WARNING * * *
Your body deteriorates!
You feel weakened. You block the gnoll's attack.
You hit the gnoll sergeant but do no damage.
Your grab misses the gnoll sergeant. The orc closely misses you.
The gnoll sergeant hits you with a +0 spear!
* * * LOW HITPOINT WARNING * * *
You block the gnoll's attack.
You hit the gnoll sergeant. You grab the gnoll sergeant.
You squeeze the gnoll sergeant.
The gnoll sergeant is moderately wounded.
You constrict the gnoll sergeant. You block the orc's attack.
Okay, then.
Okay, then.
Okay, then.
You hit the gnoll sergeant but do no damage.
You squeeze the gnoll sergeant, but do no damage.
The gnoll sergeant is moderately wounded.
You constrict the gnoll sergeant, but do no damage.
You block the gnoll's attack.
The gnoll sergeant hits you with a +0 spear!
* * * LOW HITPOINT WARNING * * *
The orc closely misses you.
You hit the gnoll sergeant.
The gnoll sergeant is heavily wounded.
You constrict the gnoll sergeant, but do no damage.
The gnoll barely misses you.
The gnoll sergeant hits you with a +0 spear.
* * * LOW HITPOINT WARNING * * *
You hit the gnoll sergeant.
You squeeze the gnoll sergeant, but do no damage.
The gnoll sergeant is heavily wounded.
You constrict the gnoll sergeant. You block the orc's attack.
The gnoll hits you from afar with a +0 spear.
You die...

< ,
....####.(......,
######## * ,
###.# #.#######,
,* #.# #.# *, **
... #.# * ... #.#
,* * , #o# *,* **
, #?# , ,
*#o#######.#
*#oo@gg....#
#####g##### , # *
** * , * ,,* , ,
* * * * , *, , *
, , , , * * *


You could see a gnoll sergeant, 2 gnolls and 3 orcs.

Vanquished Creatures
  A two-headed ogre (D:8)
  Pikel (D:6)
  4 water moccasins
  Duvessa (D:7)
  2 sky beasts (D:6)
  A black bear (D:7)
  An ice beast (D:6)
  4 lemures (D:6)
  3 bullfrogs
  A kobold brigand (D:6)
  2 necrophages (D:6)
  A gnoll sergeant (D:6)
  A scorpion (D:6)
  13 wights
  Dowan (D:7)
  3 killer bees (D:8)
  A hound (D:6)
  2 jellies
  3 iguanas
  An orc wizard (D:7)
  5 gnolls
  2 adders
  A shadow imp (D:7)
  3 white imps
  2 worms (D:3)
  A dart slug (D:3)
  6 orcs
  A ball python (D:4)
  A bat (D:2)
  2 endoplasms
  A giant cockroach (D:1)
  3 hobgoblins
  2 quokkas (D:1)
  A frilled lizard (D:1)
  3 goblins
  6 kobolds
87 creatures vanquished.

Vanquished Creatures (collateral kills)
  A two-headed ogre (D:8)
  A gnoll sergeant (D:8)
  4 gnolls (D:8)
6 creatures vanquished.

Grand Total: 93 creatures vanquished

Notes
Turn   | Place    | Note
-------+----------+-------------------------------------------
     0 | D:1      | M4edhros the Octopode Chaos Knight began the quest for the
                  | Orb.
     0 | D:1      | Reached XP level 1. HP: 16/16 MP: 1/1
   164 | D:1      | Found Kufaps's Distillery.
   196 | D:1      | Reached XP level 2. HP: 21/21 MP: 2/2
   528 | D:4      | Reached XP level 3. HP: 26/26 MP: 3/3
   574 | D:4      | XOM: silly message
   581 | D:4      | XOM: 7-stop teleportation journey
   608 | D:4      | Identified the +4 mace "Octopus's Bane" {speed, Drain
                  | Will++}
   651 | D:4      | Found a hazy altar of Hepliaklqana.
   703 | D:4      | Reached XP level 4. HP: 33/33 MP: 4/4
   727 | D:5      | Entered Level 5 of the Dungeon
   761 | D:5      | Noticed a necrophage
   769 | D:5      | Found Vuscha's Overcharged Wands.
   769 | D:5      | XOM: 9-stop teleportation journey
   782 | D:6      | Noticed a sky beast
   790 | D:6      | Noticed a sky beast
   800 | D:6      | Killed a sky beast
   801 | D:6      | Reached XP level 5. HP: 18/37 MP: 5/5
   842 | D:6      | XOM: give mutations
   842 | D:6      | Gained mutation: You are robust. (+10% HP) [Xom's grace]
   842 | D:6      | Gained mutation: You are very robust. (+20% HP) [Xom's
                  | grace]
   842 | D:6      | Gained mutation: Your flesh is cold resistant. (rC+) [Xom's
                  | grace]
   842 | D:6      | Gained mutation: You possess an exceptional clarity of
                  | mind. [Xom's grace]
   850 | D:6      | Noticed a water moccasin
   857 | D:6      | Killed a water moccasin
   858 | D:6      | Reached XP level 6. HP: 19/52 MP: 6/6
  1017 | D:6      | Reached skill level 5 in Maces & Flails
  1080 | D:6      | XOM: scenery: create altars
  1085 | D:6      | XOM: fake destruction
  1087 | D:6      | Killed a sky beast
  1135 | D:6      | Reached XP level 7. HP: 53/58 MP: 7/7
  1324 | D:6      | Noticed Pikel
  1342 | D:6      | XOM: cleaving
  1350 | D:6      | XOM: summons 2 friendly demons
  1353 | D:6      | Reached skill level 5 in Fighting
  1385 | D:6      | XOM: divination: detect items
  1402 | D:6      | XOM: summons 2 friendly demons
  1406 | D:6      | XOM: fog
  1415 | D:6      | Reached skill level 5 in Dodging
  1415 | D:6      | Reached skill level 1 in Shields
  1418 | D:6      | XOM: cast spell 'Statue Form'
  1426 | D:6      | XOM: noise
  1431 | D:6      | XOM: potion effect (invisibility)
  1433 | D:6      | Killed Pikel
  1434 | D:6      | Reached XP level 8. HP: 57/66 MP: 8/8
  1602 | D:6      | Found Ulukuxka's Weapon Shoppe.
  1762 | D:7      | Identified the +4 falchion of Com Muyc {freeze, Fragile
                  | rPois rN+}
  1769 | D:7      | XOM: confuse monster(s)
  1884 | D:7      | Found a staircase to the Ecumenical Temple.
  1894 | D:7      | Reached skill level 5 in Shields
  1894 | D:7      | Reached XP level 9. HP: 71/73 MP: 9/9
  1897 | Temple   | Entered the Ecumenical Temple
  2884 | Temple   | XOM: divination: detect items
  3158 | Temple   | XOM: cloud trail
  4023 | Temple   | XOM: 3-stop teleportation journey
  4672 | Temple   | XOM: cloud trail
  4714 | Temple   | XOM: give mutation
  4714 | Temple   | Lost mutation: You are very robust. (+20% HP) [Xom's
                  | mischief]
  5004 | Temple   | XOM: silly message
  5024 | Temple   | XOM: summons 5 hostile demons
  5148 | Temple   | XOM: stat loss: -1 Int (13/14)
  5640 | Temple   | XOM: scenery: create altars
  6596 | Temple   | XOM: give mutations
  6596 | Temple   | Gained mutation: You are partially covered in iridescent
                  | scales. (AC +2) [Xom's grace]
  6596 | Temple   | Gained mutation: Your mind is acute. (Int +4, Str/Dex -1)
                  | [Xom's grace]
  6623 | Temple   | XOM: god gift: 2 curare-tipped darts
  6899 | Temple   | Glimpsed the power of Zot.
  7145 | D:7      | Noticed Dowan
  7146 | D:7      | Noticed Duvessa
  7156 | D:7      | Killed Duvessa
  7157 | D:7      | Killed Dowan
  7162 | D:8      | XOM: stealth player
  7292 | D:8      | Noticed a two-headed ogre
  7301 | D:8      | Killed a two-headed ogre
  7455 | D:8      | Noticed a two-headed ogre
  7467 | D:8      | Killed a two-headed ogre
  7468 | D:8      | Reached XP level 10. HP: 63/72 MP: 8/10
  7515 | D:8      | Found an opulent altar of Gozag.
  7561 | D:8      | XOM: give mutations
  7561 | D:8      | Lost mutation: Your mind is acute. (Int +4, Str/Dex -1)
                  | [Xom's mischief]
  7561 | D:8      | Gained mutation: You are mostly covered in iridescent
                  | scales. (AC +4) [Xom's mischief]
  7561 | D:8      | Lost mutation: You are mostly covered in iridescent scales.
                  | (AC +4) [Xom's mischief]
  7630 | D:8      | XOM: enchant monster (good)
  7689 | D:8      | XOM: god gift: short sword {god gift}
  8138 | D:6      | XOM: 2-stop teleportation journey
  8397 | D:6      | XOM is BORED!
  8397 | D:6      | XOM: summons 1 hostile demon
  8433 | D:6      | Found an ornate altar of the Wu Jian Council.
  8433 | D:6      | XOM: 3-stop teleportation journey
  8844 | D:6      | XOM: god gift: 45 gold pieces
  8882 | D:6      | XOM: scenery: create altars
  8942 | D:6      | XOM: scenery: create altars
  8961 | D:6      | XOM: god gift: runed battleaxe {god gift}
  9270 | D:6      | XOM: scenery: summon butterflies
  9358 | D:6      | XOM: divination: detect items
  9541 | D:6      | XOM: give mutations
  9541 | D:6      | Gained mutation: You have a beak for a mouth. [Xom's grace]
  9541 | D:6      | Gained mutation: Your mind is acute. (Int +4, Str/Dex -1)
                  | [Xom's grace]
  9807 | D:6      | XOM: give mutations
  9807 | D:6      | Gained mutation: You occasionally shout uncontrollably at
                  | your foes. [Xom's mischief]
  9807 | D:6      | Gained mutation: You occasionally lose the ability to drink
                  | potions when taking damage. [Xom's mischief]
  9807 | D:6      | Lost mutation: You are robust. (+10% HP) [Xom's mischief]
  9807 | D:6      | Gained mutation: Your spells are a little easier to cast,
                  | but a little less powerful. [Xom's mischief]
 10060 | D:6      | XOM: scenery: summon butterflies
 10243 | D:6      | XOM: give mutation
 10243 | D:6      | Lost mutation: Your mind is acute. (Int +4, Str/Dex -1)
                  | [Xom's mischief]
 10506 | D:6      | XOM: god gift: pair of gloves {god gift}
 10974 | D:6      | XOM: divination: detect items
 11432 | D:6      | XOM: summons 1 hostile demon
 11550 | D:6      | XOM: divination: magic mapping
 12105 | D:6      | XOM: god gift: 59 gold pieces
 12161 | D:6      | XOM is BORED!
 12161 | D:6      | XOM: torment (38/66 hp)
 12411 | D:6      | XOM: divination: detect items
 12607 | D:6      | XOM: god gift: coral ring {god gift}
 12812 | D:6      | XOM: divination: magic mapping
 13679 | D:6      | XOM is BORED!
 13691 | D:6      | XOM: god gift: glowing great sword {god gift}
 13939 | D:6      | XOM: give mutations
 13939 | D:6      | Gained mutation: One of your tentacles bears a spike.
                  | [Xom's grace]
 13939 | D:6      | Gained mutation: You have supernaturally acute eyesight.
                  | (SInv) [Xom's grace]
 13970 | D:6      | XOM: scenery: create altars
 15022 | D:6      | XOM: cloud trail
 15248 | D:6      | XOM: cloud trail
 15382 | D:6      | XOM: stat loss: -1 Int (14/15)
 15451 | D:6      | XOM: give mutations
 15451 | D:6      | Lost mutation: You have supernaturally acute eyesight.
                  | (SInv) [Xom's mischief]
 15451 | D:6      | Lost mutation: You are partially covered in iridescent
                  | scales. (AC +2) [Xom's mischief]
 15451 | D:6      | Lost mutation: Your flesh is cold resistant. (rC+) [Xom's
                  | mischief]
 15451 | D:6      | Lost mutation: Your spells are a little easier to cast, but
                  | a little less powerful. [Xom's mischief]
 15965 | D:6      | XOM: give mutation
 15965 | D:6      | Gained mutation: Your natural rate of healing is unusually
                  | fast. [Xom's grace]
 16081 | D:6      | XOM: summons 4 hostile demons
 16541 | D:6      | XOM: give mutations
 16541 | D:6      | Gained mutation: You passively map a small area around you.
                  | [Xom's mischief]
 16541 | D:6      | Gained mutation: You are frail. (-10% HP) [Xom's mischief]
 16541 | D:6      | Lost mutation: You are frail. (-10% HP) [Xom's mischief]
 16778 | D:6      | XOM: summons 4 hostile shadow creatures
 16805 | D:7      | XOM: silly message
 17062 | D:6      | XOM: give mutation
 17062 | D:6      | Gained mutation: Your muscles are strong. (Str +4, Int/Dex
                  | -1) [Xom's mischief]
 17578 | D:6      | XOM: torment (42/66 hp)
 18266 | D:6      | XOM: give mutations
 18266 | D:6      | Lost mutation: One of your tentacles bears a spike. [Xom's
                  | mischief]
 18266 | D:6      | Lost mutation: Your natural rate of healing is unusually
                  | fast. [Xom's mischief]
 18340 | D:6      | XOM is BORED!
 18340 | D:6      | XOM: stat loss: -2 Str (13/15)
 18540 | D:6      | XOM: silly message
 19576 | D:6      | XOM: 1-stop teleportation journey
 19878 | D:6      | XOM: god gift: masterwork ring mail {god gift}
 19878 | D:6      | Identified the +5 ring mail of Narcissism {Regen+ Int+4
                  | Stlth-} (Xom gifted it to you on level 6 of the Dungeon)
 20417 | D:6      | XOM: god gift: trident {god gift}
 20512 | D:6      | XOM: scenery: 1 doors open, 1 doors close
 21139 | D:6      | XOM is BORED!
 21139 | D:6      | XOM: give mutation
 21139 | D:6      | Gained mutation: Your body sometimes deteriorates upon
                  | taking damage. [Xom's mischief]
 21297 | D:6      | XOM: scenery: 1 doors open, 1 doors close
 21789 | D:6      | XOM: scenery: 1 doors open, 1 doors close
 21996 | D:6      | XOM: divination: detect creatures
 23384 | D:6      | XOM: give mutations
 23384 | D:6      | Lost mutation: You have a beak for a mouth. [Xom's
                  | mischief]
 23384 | D:6      | Lost mutation: You occasionally shout uncontrollably at
                  | your foes. [Xom's mischief]
 23384 | D:6      | Gained mutation: Your natural rate of healing is unusually
                  | fast. [Xom's mischief]
 24027 | D:6      | XOM is BORED!
 24837 | D:6      | XOM: give mutations
 24837 | D:6      | Gained mutation: Your flesh is cold resistant. (rC+) [Xom's
                  | grace]
 24837 | D:6      | Gained mutation: You have a pair of small antennae on your
                  | head. [Xom's grace]
 24837 | D:6      | Gained mutation: You passively map the area around you.
                  | [Xom's grace]
 24837 | D:6      | Gained mutation: You are partially covered in iridescent
                  | scales. (AC +2) [Xom's grace]
 24986 | D:6      | XOM: noise
 25608 | D:6      | XOM: give mutations
 25608 | D:6      | Lost mutation: You occasionally lose the ability to drink
                  | potions when taking damage. [Xom's mischief]
 25608 | D:6      | Gained mutation: Your body often deteriorates upon taking
                  | damage. [Xom's mischief]
 25608 | D:6      | Lost mutation: Your flesh is cold resistant. (rC+) [Xom's
                  | mischief]
 25608 | D:6      | Lost mutation: Your muscles are strong. (Str +4, Int/Dex
                  | -1) [Xom's mischief]
 25676 | D:6      | XOM: god gift: 6 atropa-tipped darts
 25809 | D:6      | XOM: scenery: 1 doors open, 1 doors close
 26221 | D:6      | XOM: god gift: scroll labelled OPLOL DOUBACWUECS {god gift}
 26266 | D:6      | XOM: god gift: halberd {god gift}
 27214 | D:6      | XOM: give mutation
 27214 | D:6      | Lost mutation: You have a pair of small antennae on your
                  | head. [Xom's mischief]
 28154 | D:6      | XOM: give mutations
 28154 | D:6      | Lost mutation: You are partially covered in iridescent
                  | scales. (AC +2) [Xom's mischief]
 28154 | D:6      | Lost mutation: You possess an exceptional clarity of mind.
                  | [Xom's mischief]
 28154 | D:6      | Lost mutation: Your natural rate of healing is unusually
                  | fast. [Xom's mischief]
 28440 | D:6      | XOM is BORED!
 29020 | D:6      | XOM: god gift: 29 gold pieces
 29160 | D:6      | XOM: god gift: buzzing dire flail {god gift}
 29160 | D:6      | Identified the +2 dire flail of the Thing {chaos, *Rage
                  | rCorr Str+3} (Xom gifted it to you on level 6 of the
                  | Dungeon)
 29195 | D:6      | XOM: give mutations
 29195 | D:6      | Gained mutation: Your system is resistant to poisons.
                  | (rPois) [Xom's mischief]
 29195 | D:6      | Gained mutation: You are dopey. (Int -2) [Xom's mischief]
 29195 | D:6      | Lost mutation: Your body often deteriorates upon taking
                  | damage. [Xom's mischief]
 29195 | D:6      | Gained mutation: You are occasionally teleported next to
                  | monsters. [Xom's mischief]
 29386 | D:6      | XOM: give mutation
 29386 | D:6      | Gained mutation: You are vulnerable to heat. (rF-) [Xom's
                  | mischief]
 29803 | D:6      | XOM: summons 4 hostile shadow creatures
 29813 | D:7      | XOM: scenery: create altars
 30508 | D:6      | XOM: silly message
 30529 | D:6      | XOM: stat loss: -1 Str (8/11)
 30819 | D:6      | XOM: summons 6 hostile demons
 30820 | D:6      | Noticed a soul eater
 30914 | D:8      | XOM: summons 1 hostile shadow creature
 30929 | D:8      | HP: 3/66 [gnoll sergeant/+0 spear (3)]
 30930 | D:8      | Slain by a gnoll

Illustrated notes

Levels and vault maps discovered:
D:1:      lightli_arrival_noodles, layout_basic, serial_shops, shop,
          hellmonk_ecumenical_altar_heavens_door
D:2:      layout_basic, grunt_ministairs_7
D:3:      layout_basic, mainiacjoe_overflow_alcove_2
D:4:      layout_cave_pools, kennysheep_mini, patterned_corridor
D:5:      layout_rooms, gammafunk_ghost_nasty_kobolds,
          nicolae_shop_overcharged_wands, uniq_menkaure
D:6:      layout_loops_ring, mainiacjoe_overflow_tiny_flanked, serial_shops,
          nicolae_shop_behind_doors, uniq_pikel
D:7:      layout_cave_pods, minmay_temple_entry_mini_moons,
          dilly_guarded_unrand_throatcut, uniq_duvessa
D:8:      layout_loops_cross, mainiacjoe_overflow_swirl
Temple:   nicolae_temple_superstar

Skill      XL: |  1  2  3  4  5  6  7  8  9 |
---------------+----------------------------+-----
Dodging        | 3 4 5 6 7 |  7.8
Fighting       | 4 5 |  5.1
Maces & Flails | 4 5 7 8 |  8.9
Shields        | 3 5 8 |  8.5

Action                   |  1- 3 |  4- 6 |  7- 9 | 10-12 || total
-------------------------+-------+-------+-------+-------++-------
Melee: Mace              |    38 |    31 |   164 |    95 ||   328
       Tentacles         |     8 |     7 |    51 |    30 ||    96
       Constrict         |    10 |     5 |    34 |    19 ||    68
       Punch             |       |     2 |     4 |     2 ||     8
       Kick              |       |       |       |    10 ||    10
       Peck              |       |       |       |     4 ||     4
Evoke: Wand              |       |     6 |     5 |       ||    11
       Piece from Xom's  |       |       |     1 |       ||     1
  Use: Potion            |       |     2 |     1 |     2 ||     5
       Scroll            |       |       |       |     1 ||     1
 Stab: Sleeping          |    10 |     2 |     3 |     1 ||    16
       Paralysed         |     1 |       |       |     2 ||     3
       Distracted        |     1 |       |       |       ||     1
       Invisible         |       |       |     1 |       ||     1
Armor: Skin              |       |     1 |    11 |     6 ||    18
Dodge: Dodged            |    21 |    15 |    69 |    56 ||   161
Block: Kite shield       |       |       |    63 |    70 ||   133

Table legend: (Time is in decaauts)
 A = Elapsed time spent in this place.
 B = Non-inter-level travel time spent in this place.
 C = Inter-level travel time spent in this place.
 D = Time resting spent in this place.
 E = Time spent auto-exploring this place.
 F = Levels seen in this place.
 G = Mean time per level.
                   A        B        C        D        E       F      G
               +--------+--------+--------+--------+--------+-----+--------+
         Total |  30883 |  30540 |    343 |  27800 |   1881 |   9 | 3431.4 |
       Dungeon |  25879 |  25547 |    332 |  22900 |   1810 |   8 | 3234.9 |
        Temple |   5004 |   4993 |     11 |   4900 |     71 |   1 | 5004.0 |
               +--------+--------+--------+--------+--------+-----+--------+

Top non-repeatable levels by time:
     D:6: 23813 daAuts
  Temple: 5004 daAuts
     D:7: 719 daAuts
     D:8: 561 daAuts
     D:1: 413 daAuts
     D:4: 217 daAuts
     D:3: 87 daAuts
     D:5: 50 daAuts
     D:2: 16 daAuts
